 Dungeon Crawl Stone Soup version 0.21-a0-630-g344d351 (webtiles) character file.

2111 tidbits the Insei (level 9, -1/100 HPs)
             Began as a Gnoll Transmuter on Dec 26, 2017.
             Was a Follower of Cheibriados (penitent).
             Slain by a hog (14 damage)
             ... on level 8 of the Dungeon.
             The game lasted 00:20:54 (2151 turns).

tidbits the Insei (Gnoll Transmuter)                Turns: 2151, Time: 00:20:54

Health: -1/100     AC:  2    Str: 17    XL:     9   Next: 28%
Magic:  19/20      EV: 25    Int: 20    God:    Cheibriados [*]
Gold:   298        SH:  0    Dex: 20    Spells: 6/21 levels left

rFire    . . .     SeeInvis .     - Unarmed
rCold    . . .     Gourm    .   (shield currently unavailable)
rNeg     . . .     Faith    .   (armour currently unavailable)
rPois    .         Spirit   .   (helmet currently unavailable)
rElec    .         Reflect  .   (cloak currently unavailable)
rCorr    .         Harm     .   (gloves currently unavailable)
MR       .....                  (boots currently unavailable)
Stlth    ..........             (no amulet)
HPRegen  0.26/turn              P - ring of poison resistance
MPRegen  0.17/turn              (no ring)

@: berserking, spider-form, very slow
A: tiny, distributed training, high mp 1, MP-powered wands, strong nose
a: End Transformation, Renounce Religion


You were on level 8 of the Dungeon.
You worshipped Cheibriados.
Cheibriados was demanding penance.
You were not hungry.
You were a venomous arachnid creature.
You visited 2 branches of the dungeon, and saw 9 of its levels.

You collected 298 gold pieces.

Inventory:

Hand Weapons
 a - a +1 dagger of venom (melded)
   (You found it on level 5 of the Dungeon)
 p - a +1 flail of crushing
   (You took it off an orc on level 5 of the Dungeon)
 q - a +0 hunting sling
Missiles
 f - 53 stones (quivered)
 j - 8 silver tomahawks
 n - 36 arrows
Armour
 b - a +0 robe (melded)
 m - a +0 shield
 D - a +0 buckler (melded)
Jewellery
 P - a ring of poison resistance (left front leg)
   (You found it on level 7 of the Dungeon)
Wands
 i - a wand of flame (35)
 t - a wand of disintegration (17)
Scrolls
 e - a scroll of enchant weapon {unknown}
 g - a scroll of amnesia {unknown}
 h - a scroll of magic mapping
 l - a scroll of immolation {unknown}
 o - 2 scrolls of teleportation
 r - 2 scrolls of remove curse
 v - a scroll of enchant armour {unknown}
Potions
 k - a potion of flight
 s - a potion of brilliance {unknown}
Books
 c - a book of Changes

   Spells                             Type                      Level
   a - Beastly Appendage              Transmutation                1
   b - Sticks to Snakes               Transmutation                2
   c - Spider Form                    Transmutation/Poison         3
   d - Ice Form                       Ice/Transmutation            4
   e - Blade Hands                    Transmutation                5
Comestibles
 d - 11 rations


   Skills:
 + Level 4.8 Fighting
 + Level 4.0 Short Blades
 + Level 4.0 Long Blades
 + Level 4.0 Axes
 + Level 4.0 Maces & Flails
 + Level 4.0 Polearms
 + Level 4.0 Staves
 + Level 4.0 Slings
 + Level 4.0 Bows
 + Level 4.0 Crossbows
 + Level 4.0 Throwing
 + Level 4.0 Armour
 + Level 6.1 Dodging
 + Level 4.0 Stealth
 + Level 4.0 Shields
 + Level 7.7 Unarmed Combat
 + Level 6.5 Spellcasting
 + Level 3.3 Conjurations
 + Level 3.3 Hexes
 + Level 3.3 Charms
 + Level 3.3 Summonings
 + Level 3.3 Necromancy
 + Level 3.3 Translocations
 + Level 5.1 Transmutations
 + Level 3.3 Fire Magic
 + Level 3.3 Ice Magic
 + Level 3.3 Air Magic
 + Level 3.3 Earth Magic
 + Level 3.3 Poison Magic
 + Level 4.4 Invocations
 + Level 4.0 Evocations


You had 6 spell levels left.
You knew the following spells:

 Your Spells              Type           Power        Failure   Level  Hunger
e - Beastly Appendage     Tmut           ####..       6%          1    None
h - Blade Hands           Tmut           ####......   54%         5    #####..
i - Ice Form              Ice/Tmut       ###.....     36%         4    ###....
k - Sticks to Snakes      Tmut           ####....     8%          2    None
p - Spider Form           Tmut/Pois      ###.......   16%         3    #......


Dungeon Overview and Level Annotations

Branches:
Dungeon (8/15)             Temple (1/1) D:4
   Lair: D:8-11

Altars:
Cheibriados
Dithmenos
Elyvilon
Nemelex Xobeh
Ru
Sif Muna
Trog
Uskayaw
Vehumet
Wu Jian
Xom
Zin
The Shining One


Innate Abilities, Weirdness & Mutations

Your experience applies equally to all skills.
((You have very sharp teeth.))
Your uncanny sense of smell can sniff out nearby items.
You have an increased reservoir of magic. (+10% MP)
You expend magic power (3 MP) to strengthen your wands.


Message History

You kill the human!
Cheibriados appreciates the change of pace.
The hound completely misses you.
You barely miss the hound. The hound completely misses you.
You maul the hound!!
You kill the hound!
Cheibriados thoroughly appreciates the change of pace.
You are no longer berserk.
You are exhausted.
You feel yourself slow down.
Unknown command.
Your transformation is almost over.
You see here a stone.
Okay, then.
Unknown command.
Things that are here:
an uncursed shortbow; 10 arrows; a centaur corpse
n - 36 arrows (gained 10)
Items here: ))) †† a dagger x2; a short sword; a kobold corpse x2
Your transformation has ended.
Your +1 dagger of venom unmelds from your body.
Your +0 buckler unmelds from your body.
Your +0 robe unmelds from your body.
Your +1 dagger of venom begins to drip with poison!
Items here: ))) †† a dagger x2; a short sword; a kobold corpse x2
You feel yourself speed up.
Things that are here:
an uncursed shortbow; a centaur corpse You see here a stone.
You see here a hog corpse.
Things that are here:
a hand axe; an animal skin
Found 3 rations. 3 hogs come into view.
You recover from your berserk rage.
Found 21 stones and 3 rations.
There is an open door here.
Unknown command.
Unknown command.
Casting: Spider Form
Confirm with . or Enter, or press ? or * to list all spells.
You turn into a venomous arachnid creature.
Your +1 dagger of venom melds into your body.
Your +0 buckler melds into your body.
Your +0 robe melds into your body.
Your +1 dagger of venom stops dripping with poison.
The hog completely misses you. The hog bites you!
* * * LOW HITPOINT WARNING * * *
The hog bites you!
* * * LOW HITPOINT WARNING * * *
Things that are here:
a hand axe; an animal skin You barely miss the hog.
The hog bites you.
* * * LOW HITPOINT WARNING * * *
A red film seems to cover your vision as you go berserk!
Cheibriados thinks you should slow down.
You feel very guilty. "You will pay for your transgression, mortal!"
Cheibriados forces you to slow down.
You feel mighty! The hog completely misses you. The hog misses you.
You hit the hog.
The hog is poisoned.
The hog is lightly wounded.
The hog closely misses you.
You completely miss the hog.
The hog is lightly wounded.
The hog barely misses you.
You barely miss the hog.
The hog is lightly wounded.
The hog bites you.
* * * LOW HITPOINT WARNING * * *
You barely miss the hog.
The hog is lightly wounded.
The hog closely misses you.
You bite the hog!
The hog looks as sick as possible!
The hog is heavily wounded.
The hog completely misses you.
You bite the hog!
The hog is severely wounded.
The hog bites you.
* * * LOW HITPOINT WARNING * * *
You maul the hog!!
You kill the hog!
Cheibriados thoroughly appreciates the change of pace.
Your Short Blades skill increases to level 4!
Your Long Blades skill increases to level 4!
Your Axes skill increases to level 4!
Your Maces & Flails skill increases to level 4!
Your Polearms skill increases to level 4!
Your Staves skill increases to level 4!
Your Slings skill increases to level 4!
Your Bows skill increases to level 4!
Your Crossbows skill increases to level 4!
Your Throwing skill increases to level 4!
Your Armour skill increases to level 4!
Your Stealth skill increases to level 4!
Your Shields skill increases to level 4!
Your Evocations skill increases to level 4!
You hit the hog.
The hog is poisoned.
The hog is lightly wounded.
The hog bites you!
You die...

#######.)((........#.
#%%#h.#...#.(........
#%.#..#...#.###.....
#.%'..##..#.#. ...#
#..#(.##†.#.#. #..#
#..#..##)(#.#. #..#
##'## ###((#.#.###[.##
#...###.#(.#.#.....<..
#...hs†.(..#.#####..##
#.#.###)#...........#
#.#.###)####.########
#.#........#.#
#.#####.##.#†# #. #.#
#.# #.##.#.# #....#.#
######.#


You could see a hog.

Vanquished Creatures
  Prince Ribbit (D:7)
  2 hogs (D:8)
  A human (D:8)
  A hungry ghost (D:7)
  2 sky beasts
  An ice beast (D:7)
  2 ogres
  A centaur (D:8)
  A big kobold (D:8)
  2 scorpions
  2 howler monkeys (D:8)
  A centaur zombie (D:6)
  An orc priest (D:5)
  A hound (D:8)
  A jelly (D:7)
  4 orc wizards
  4 iguanas
  Natasha (twice) (D:3)
  2 worker ants
  A hound skeleton (D:4)
  2 gnolls (D:7)
  4 adders
  A worm (D:3)
  2 leopard geckos (D:2)
  25 orcs
  3 giant cockroaches
  2 goblins
  3 hobgoblins
  5 jackals
  9 kobolds
  2 quokkas
  3 bats
  3 frilled lizards
  7 rats
104 creatures vanquished.

Vanquished Creatures (collateral kills)
  A crimson imp (D:5)
  An orc wizard (D:3)
  A bullfrog skeleton (D:4)
  An orc (D:3)
  A ball python skeleton (D:5)
  A frilled lizard (D:3)
6 creatures vanquished.

Vanquished Creatures (others)
  An orc (D:3)
1 creature vanquished.

Grand Total: 111 creatures vanquished

Notes
Turn   | Place    | Note
-------+----------+-------------------------------------------
     0 | D:1      | tidbits the Gnoll Transmuter began the quest for the Orb.
     0 | D:1      | Reached XP level 1. HP: 17/17 MP: 6/6
   289 | D:3      | Reached XP level 2. HP: 23/23 MP: 5/7
   293 | D:3      | Learned a level 2 spell: Sticks to Snakes
   304 | D:4      | Noticed a scorpion
   318 | D:4      | HP: 2/23 [scorpion (6)]
   319 | D:4      | Killed a scorpion
   319 | D:4      | Reached skill level 5 in Spellcasting
   319 | D:4      | Reached skill level 1 in Invocations
   319 | D:4      | Reached XP level 3. HP: 3/28 MP: 1/9
   335 | D:4      | Learned a level 3 spell: Spider Form
   369 | D:4      | Reached skill level 1 in Short Blades
   369 | D:4      | Reached skill level 1 in Long Blades
   369 | D:4      | Reached skill level 1 in Axes
   369 | D:4      | Reached skill level 1 in Maces & Flails
   369 | D:4      | Reached skill level 1 in Polearms
   369 | D:4      | Reached skill level 1 in Staves
   369 | D:4      | Reached skill level 1 in Slings
   369 | D:4      | Reached skill level 1 in Bows
   369 | D:4      | Reached skill level 1 in Crossbows
   369 | D:4      | Reached skill level 1 in Throwing
   369 | D:4      | Reached skill level 1 in Armour
   369 | D:4      | Reached skill level 1 in Stealth
   369 | D:4      | Reached skill level 1 in Shields
   369 | D:4      | Reached skill level 1 in Evocations
   369 | D:4      | Reached XP level 4. HP: 15/34 MP: 0/11
   401 | D:4      | Found an ornate altar of the Wu Jian Council.
   444 | D:2      | Found a shimmering altar of Xom.
   539 | D:2      | Reached skill level 1 in Conjurations
   539 | D:2      | Reached skill level 1 in Hexes
   539 | D:2      | Reached skill level 1 in Charms
   539 | D:2      | Reached skill level 1 in Summonings
   539 | D:2      | Reached skill level 1 in Necromancy
   539 | D:2      | Reached skill level 1 in Translocations
   539 | D:2      | Reached skill level 1 in Fire Magic
   539 | D:2      | Reached skill level 1 in Ice Magic
   539 | D:2      | Reached skill level 1 in Air Magic
   539 | D:2      | Reached skill level 1 in Earth Magic
   539 | D:2      | Reached skill level 1 in Poison Magic
   614 | D:3      | Reached XP level 5. HP: 10/40 MP: 2/12
   616 | D:3      | HP: 4/40 [jackal (1)]
   622 | D:3      | Reached skill level 3 in Fighting
   717 | D:3      | Reached skill level 4 in Transmutations
   769 | D:3      | Noticed Natasha
   778 | D:3      | Killed Natasha
   788 | D:3      | Noticed Natasha
   795 | D:3      | Killed Natasha
   795 | D:3      | Reached skill level 2 in Invocations
   795 | D:3      | Reached XP level 6. HP: 16/47 MP: 3/13
   884 | D:3      | HP: 3/47 [something (3)]
   966 | D:3      | Gained mutation: You expend magic power (3 MP) to strengthen your wands. [potion of mutation]
   966 | D:3      | Gained mutation: You have an increased reservoir of magic. (+10% MP) [potion of mutation]
  1036 | D:4      | Reached skill level 5 in Dodging
  1061 | D:5      | Entered Level 5 of the Dungeon
  1118 | D:4      | Reached skill level 2 in Short Blades
  1118 | D:4      | Reached skill level 2 in Long Blades
  1118 | D:4      | Reached skill level 2 in Axes
  1118 | D:4      | Reached skill level 2 in Maces & Flails
  1118 | D:4      | Reached skill level 2 in Polearms
  1118 | D:4      | Reached skill level 2 in Staves
  1118 | D:4      | Reached skill level 2 in Slings
  1118 | D:4      | Reached skill level 2 in Bows
  1118 | D:4      | Reached skill level 2 in Crossbows
  1118 | D:4      | Reached skill level 2 in Throwing
  1118 | D:4      | Reached skill level 2 in Armour
  1118 | D:4      | Reached skill level 2 in Stealth
  1118 | D:4      | Reached skill level 2 in Shields
  1118 | D:4      | Reached skill level 2 in Evocations
  1262 | D:4      | Found a staircase to the Ecumenical Temple.
  1267 | Temple   | Entered the Ecumenical Temple
  1282 | Temple   | Became a worshipper of Cheibriados the Contemplative
  1342 | D:4      | Reached XP level 7. HP: 43/52 MP: 16/16
  1381 | D:5      | Reached skill level 7 in Unarmed Combat
  1448 | D:5      | Reached skill level 2 in Conjurations
  1448 | D:5      | Reached skill level 2 in Hexes
  1448 | D:5      | Reached skill level 2 in Charms
  1448 | D:5      | Reached skill level 2 in Summonings
  1448 | D:5      | Reached skill level 2 in Necromancy
  1448 | D:5      | Reached skill level 2 in Translocations
  1448 | D:5      | Reached skill level 2 in Fire Magic
  1448 | D:5      | Reached skill level 2 in Ice Magic
  1448 | D:5      | Reached skill level 2 in Air Magic
  1448 | D:5      | Reached skill level 2 in Earth Magic
  1448 | D:5      | Reached skill level 2 in Poison Magic
  1581 | D:5      | Reached * piety under Cheibriados
  1691 | D:6      | Reached skill level 3 in Invocations
  1740 | D:6      | Found a hide-covered altar of Uskayaw.
  1806 | D:6      | Found a radiant altar of Vehumet.
  1824 | D:7      | Reached XP level 8. HP: 47/60 MP: 8/18
  1856 | D:7      | Found a sparkling altar of Nemelex Xobeh.
  1866 | D:7      | Found a sacrificial altar of Ru.
  1877 | D:7      | Reached skill level 4 in Fighting
  1877 | D:7      | Reached skill level 3 in Short Blades
  1877 | D:7      | Reached skill level 3 in Long Blades
  1877 | D:7      | Reached skill level 3 in Axes
  1877 | D:7      | Reached skill level 3 in Maces & Flails
  1877 | D:7      | Reached skill level 3 in Polearms
  1877 | D:7      | Reached skill level 3 in Staves
  1877 | D:7      | Reached skill level 3 in Slings
  1877 | D:7      | Reached skill level 3 in Bows
  1877 | D:7      | Reached skill level 3 in Crossbows
  1877 | D:7      | Reached skill level 3 in Throwing
  1877 | D:7      | Reached skill level 3 in Armour
  1877 | D:7      | Reached skill level 3 in Stealth
  1877 | D:7      | Reached skill level 3 in Shields
  1877 | D:7      | Reached skill level 3 in Evocations
  1925 | D:7      | Noticed Prince Ribbit
  1928 | D:7      | Reached skill level 6 in Spellcasting
  1936 | D:7      | Killed Prince Ribbit
  1962 | D:7      | Learned a level 4 spell: Ice Form
  1968 | D:7      | Learned a level 5 spell: Blade Hands
  2094 | D:8      | Reached skill level 3 in Conjurations
  2094 | D:8      | Reached skill level 3 in Hexes
  2094 | D:8      | Reached skill level 3 in Charms
  2094 | D:8      | Reached skill level 3 in Summonings
  2094 | D:8      | Reached skill level 3 in Necromancy
  2094 | D:8      | Reached skill level 3 in Translocations
  2094 | D:8      | Reached skill level 3 in Fire Magic
  2094 | D:8      | Reached skill level 3 in Ice Magic
  2094 | D:8      | Reached skill level 3 in Air Magic
  2094 | D:8      | Reached skill level 3 in Earth Magic
  2094 | D:8      | Reached skill level 3 in Poison Magic
  2094 | D:8      | Reached skill level 4 in Invocations
  2101 | D:8      | Reached XP level 9. HP: 40/66 MP: 16/20
  2104 | D:8      | Reached skill level 6 in Dodging
  2104 | D:8      | Reached skill level 5 in Transmutations
  2143 | D:8      | Was placed under penance by Cheibriados
  2150 | D:8      | Reached skill level 4 in Short Blades
  2150 | D:8      | Reached skill level 4 in Long Blades
  2150 | D:8      | Reached skill level 4 in Axes
  2150 | D:8      | Reached skill level 4 in Maces & Flails
  2150 | D:8      | Reached skill level 4 in Polearms
  2150 | D:8      | Reached skill level 4 in Staves
  2150 | D:8      | Reached skill level 4 in Slings
  2150 | D:8      | Reached skill level 4 in Bows
  2150 | D:8      | Reached skill level 4 in Crossbows
  2150 | D:8      | Reached skill level 4 in Throwing
  2150 | D:8      | Reached skill level 4 in Armour
  2150 | D:8      | Reached skill level 4 in Stealth
  2150 | D:8      | Reached skill level 4 in Shields
  2150 | D:8      | Reached skill level 4 in Evocations
  2151 | D:8      | Slain by a hog

Vault maps used:
D:1:      dpeg_arrival_simpleton_a
D:2:      xom_butterflies, uniq_terence
D:3:      uniq_natasha
D:4:      old_standard_altar, temple_doors_e, first_ration
D:5:      uniq_sigmund
D:6:      nicolae_overflow_crystal_walls, kennysheep_mini, basic_altar
D:7:      kennysheep_little_box, nemelex_xobeh_ov_fountains_minmay,
          kennysheep_cross_bottleneck, uniq_prince_ribbit1
D:8:      lemuel_crystal_altar, grunt_livestock, kennysheep_generic_room_7,
          uniq_pikel, uniq_joseph
Temple:   nicolae_temple_god_jail

Skill      XL: |  1  2  3  4  5  6  7  8  9 |
---------------+----------------------------+-----
Spellcasting   | 5 6 |  6.5
Invocations    | 1 2 3 4 |  4.4
Short Blades   | 1 2 3 4 |  4.0
Long Blades    | 1 2 3 4 |  4.0
Axes           | 1 2 3 4 |  4.0
Maces & Flails | 1 2 3 4 |  4.0
Polearms       | 1 2 3 4 |  4.0
Staves         | 1 2 3 4 |  4.0
Slings         | 1 2 3 4 |  4.0
Bows           | 1 2 3 4 |  4.0
Crossbows      | 1 2 3 4 |  4.0
Throwing       | 1 2 3 4 |  4.0
Armour         | 1 2 3 4 |  4.0
Stealth        | 1 2 3 4 |  4.0
Shields        | 1 2 3 4 |  4.0
Evocations     | 1 2 3 4 |  4.0
Conjurations   | 1 2 3 |  3.3
Hexes          | 1 2 3 |  3.3
Charms         | 1 2 3 |  3.3
Summonings     | 1 2 3 |  3.3
Necromancy     | 1 2 3 |  3.3
Translocations | 1 2 3 |  3.3
Fire Magic     | 1 2 3 |  3.3
Ice Magic      | 1 2 3 |  3.3
Air Magic      | 1 2 3 |  3.3
Earth Magic    | 1 2 3 |  3.3
Poison Magic   | 1 2 3 |  3.3
Fighting       | 3 4 |  4.8
Transmutations | 4 5 |  5.1
Dodging        | 5 6 |  6.1
Unarmed Combat | 7 |  7.7

Action                   |  1- 3 |  4- 6 |  7- 9 || total
-------------------------+-------+-------+-------++-------
Melee: Unarmed           |    27 |   132 |   125 ||   284
       Kick              |     6 |       |       ||     6
       Bite              |     4 |     2 |     1 ||     7
       Punch             |     1 |       |       ||     1
       Headbutt          |       |     2 |       ||     2
       Dagger            |       |       |     4 ||     4
Throw: Stone             |       |       |     1 ||     1
 Cast: Beastly Appendage |     8 |     3 |       ||    11
       Sticks to Snakes  |     3 |     8 |    12 ||    23
       Spider Form       |     1 |    20 |    14 ||    35
 Abil: End Transformatio |       |     1 |       ||     1
Evoke: Wand              |       |    13 |     1 ||    14
  Use: Potion            |     1 |     4 |     2 ||     7
       Scroll            |       |     6 |       ||     6
 Stab: Sleeping          |       |     2 |     2 ||     4
       Distracted        |       |     2 |       ||     2
  Eat: Chunk             |       |     1 |     1 ||     2
       Ration            |       |     1 |     1 ||     2
Armor: Skin              |       |     5 |     2 ||     7
       Robe              |       |     1 |     2 ||     3
Dodge: Dodged            |    19 |   163 |    94 ||   276
Block: Buckler           |       |       |     1 ||     1

Table legend:
 A = Spawn XP
 B = Non-spawn XP
 C = Spawn XP percentage of total XP
 D = Spawn monster count
 E = Non-spawn monster count
 F = Spawn count percentage of total count
 G = Total turns spent on level
                    A         B        C        D         E        F      G
               +---------+---------+-------+---------+---------+-------+---------
         Total |       0 |    3016 |   0.0 |       0 |     110 |   0.0 |  2151
               +---------+---------+-------+---------+---------+-------+---------
           D:1 |       0 |       5 |   0.0 |       0 |       4 |   0.0 |   232
           D:2 |       0 |      86 |   0.0 |       0 |      20 |   0.0 |   281
           D:3 |       0 |     219 |   0.0 |       0 |      26 |   0.0 |   394
           D:4 |       0 |     343 |   0.0 |       0 |      20 |   0.0 |   408
           D:5 |       0 |     414 |   0.0 |       0 |      12 |   0.0 |   288
           D:6 |       0 |     230 |   0.0 |       0 |       4 |   0.0 |   209
           D:7 |       0 |     591 |   0.0 |       0 |       6 |   0.0 |   183
           D:8 |       0 |    1128 |   0.0 |       0 |      18 |   0.0 |   127
               +---------+---------+-------+---------+---------+-------+---------

Table legend:
 A = Turns spent in this place as a percentage of turns spent in the entire game.
 B = Non-inter-level travel turns spent in this place as a percentage of non-inter-level travel turns spent in the entire game.
 C = Inter-level travel turns spent in this place as a percentage of turns spent in this place.
 D = Turns resting spent in this place as a percentage of non-inter-level travel turns spent in this place.
 E = Turns spent auto-exploring this place as a percentage of non-inter-level travel turns spent in this place.
 F = Non-inter-level travel turns spent in this place divided by the number of levels of this place that you've seen.
                   A       B       C       D       E      F
               +-------+-------+-------+-------+-------+----------------------
         Total | 100.0 | 100.0 |   7.4 |   0.0 |   0.0 | 221.2
       Dungeon |  98.7 |  99.1 |   7.0 |   0.0 |   0.0 | 246.8
        Temple |   1.3 |   0.9 |  41.4 |   0.0 |   0.0 |  17.0
               +-------+-------+-------+-------+-------+----------------------

Table legend:
 A = Kills in this place as a percentage of kills in entire the game.
 B = Kills by you in this place as a percentage of kills by you in the entire game.
 C = Kills by friends in this place as a percentage of kills by friends in the entire game.
 D = Other kills in this place as a percentage of other kills in the entire game.
 E = Experience gained in this place as a percentage of experience gained in the entire game.
 F = Experience gained in this place divided by the number of levels of this place that you have seen.
                   A       B       C       D       E      F
               +-------+-------+-------+-------+-------+----------------------
         Total | 100.0 | 100.0 | 100.0 |   N/A | 100.0 | 335.1
       Dungeon | 100.0 | 100.0 | 100.0 |   N/A | 100.0 | 377.0
               +-------+-------+-------+-------+-------+----------------------

Vault maps used:
D:1:      dpeg_arrival_simpleton_a
D:2:      xom_butterflies, uniq_terence
D:3:      uniq_natasha
D:4:      old_standard_altar, temple_doors_e, first_ration
D:5:      uniq_sigmund
D:6:      nicolae_overflow_crystal_walls, kennysheep_mini, basic_altar
D:7:      kennysheep_little_box, nemelex_xobeh_ov_fountains_minmay,
          kennysheep_cross_bottleneck, uniq_prince_ribbit1
D:8:      lemuel_crystal_altar, grunt_livestock, kennysheep_generic_room_7,
          uniq_pikel, uniq_joseph
Temple:   nicolae_temple_god_jail
